 Dungeon Crawl Stone Soup version 0.29-a0-553-g81b289dbe5 (webtiles) character file.

Game seed: 12248094559304480725

35 testman the Shield-Bearer (level 3, -2/33 HPs)
             Began as a Meteoran Fighter on June 6, 2022.
             Slain by an orc priest
             ... wielding a +0 falchion
              (8 damage)
             ... on level 3 of the Dungeon.
             The game lasted 00:04:12 (547 turns).

testman the Shield-Bearer (Meteoran Fighter)         Turns: 547, Time: 00:04:13

Health: -2/33      AC:  8    Str: 20    XL:     3   Next: 76%
Magic:  4/4        EV:  9    Int:  9    God:
Gold:   46         SH:  5    Dex: 13    Spells: 2/2 levels left

rFire   . . .      SeeInvis .   a - +0 flail
rCold   . . .      Faith    .   c - +0 buckler
rNeg    . . .      Spirit   .   b - +0 scale mail
rPois   .          Reflect  .   (no helmet)
rElec   .          Harm     .   m - +0 cloak
rCorr   .          Rampage  .   (no gloves)
Will    .....                   (no boots)
Stlth   ..........              (no amulet)
HPRegen 0.11/turn               (no ring)
MPRegen 0.09/turn               (no ring)

@: glowing
A: sense surroundings 1, otherworldly, glowing, explore regen
a: no special abilities


You were on level 3 of the Dungeon.
You visited 1 branch of the dungeon, and saw 3 of its levels.

You collected 46 gold pieces.

Inventory:

Hand Weapons
 a - a +0 flail (weapon)
Armour
 b - a +0 scale mail (worn)
 c - a +0 buckler (worn)
 m - a +0 cloak (worn)
Scrolls
 e - 4 scrolls of identify {unknown}
 g - a scroll of vulnerability {unknown}
 j - a scroll of enchant armour {unknown}
 k - a scroll of immolation {unknown}
 n - a scroll of blinking {unknown}
Potions
 d - a potion of might
 f - a potion of resistance {unknown}
 h - a potion of degeneration {unknown}
 i - a potion of magic {unknown}
 l - a potion of heal wounds {unknown}
 o - 2 potions of curing {unknown}


   Skills:
 + Level 3.8 Fighting
 + Level 3.5 Maces & Flails
 - Level 4.0 Armour
 - Level 4.0 Shields


You had 2 spell levels left.
You didn't know any spells.
Your spell library was empty.

Dungeon Overview and Level Annotations

Branches:
Dungeon (3/15)

Altars:


Innate Abilities, Weirdness & Mutations

You passively map a small area around you.
You are easily found by Zot.
You glow in the dark.
You regain HP and MP as you explore.


Message History

You barely miss the orc.
The orc is severely wounded.
The orc hits you with a +0 whip.
You sock the orc!
You kill the orc!
The orc priest barely misses you.
Training target 4.0 for Armour reached!
Your Armour skill increases to level 4!
You barely miss the orc priest.
The orc priest hits you but does no damage.
You barely miss the orc priest.
The orc priest looks satisfied for a moment.
The orc priest calls down the wrath of Beogh upon you.
You barely resist. You closely miss the orc priest.
The orc priest miscasts a cantrip.
You hit the orc priest.
The orc priest is moderately wounded.
The orc priest invokes the aid of Beogh against you.
Pain shoots through your body!
The endoplasm jiggles.
You hit the orc priest.
The orc priest is heavily wounded.
The orc priest barely misses you.
You closely miss the orc priest.
The orc priest is heavily wounded.
The orc priest hits you but does no damage.
The orc priest hits you with a +0 falchion!
You closely miss the orc priest.
The orc priest is heavily wounded.
The orc priest hits you but does no damage.
You barely miss the orc priest.
The orc priest is heavily wounded.
The orc priest invokes the aid of Beogh against you.
Beogh smites you!
* * * LOW HITPOINT WARNING * * *
You hit the orc priest but do no damage.
The orc priest is heavily wounded.
The orc priest hits you with a +0 falchion!
You die...

, #.##... ** , ...
#.##... * *... #.##...
#+ #.# #...... ...* #.#
#####.. ....** ####.#
#.. ..... * ##.##.# #..
.....o####...#.#######..
.....Jo@............†...
.....o####...#.########.
* .....* ##.##.# #.
,.... ####.# ## ... #.#
#+ #.# * * #.# , * #.# *
** * *


You could see an orc priest, 2 orcs and an endoplasm.

Vanquished Creatures
  A worm (D:3)
  2 dart slugs
  3 orcs (D:3)
  An endoplasm (D:2)
  3 goblins
  A hobgoblin (D:1)
  A quokka (D:2)
  2 ball pythons (D:1)
  A bat (D:2)
  A frilled lizard (D:2)
  6 kobolds
  4 rats (D:2)
26 creatures vanquished.

Notes
Turn   | Place    | Note
-------+----------+-------------------------------------------
     0 | D:1      | testman the Meteoran Fighter began the quest for the Orb.
     0 | D:1      | Reached XP level 1. HP: 19/19 MP: 2/2
    70 | D:1      | Reached XP level 2. HP: 21/26 MP: 3/3
   163 | D:1      | Reached XP level 3. HP: 28/31 MP: 4/4
   299 | D:2      | You fall into a shaft and drop 1 floor!
   547 | D:3      | Slain by an orc priest

Illustrated notes

Levels and vault maps discovered:
D:1:      tarquinn_simple_flora_water_f, layout_basic, serial_shops,
          shop_fountains
D:2:      layout_basic, amethyst_killhole
D:3:      minmay_bubble_buster, layout_loops_corners

Skill      XL: |  1  2  3 |
---------------+----------+-----
Maces & Flails | 3 |  3.5
Shields        | 4 |  4.0
Armour         | 4 |  4.0
Fighting       | |  3.8

Action                   || total
-------------------------++-------
Melee: Flail             ||    77
Armor: Scale mail        ||    29
Dodge: Dodged            ||    19
Block: Buckler           ||    11

Table legend: (Time is in decaauts)
 A = Elapsed time spent in this place.
 B = Non-inter-level travel time spent in this place.
 C = Inter-level travel time spent in this place.
 D = Time resting spent in this place.
 E = Time spent auto-exploring this place.
 F = Levels seen in this place.
 G = Mean time per level.
                   A        B        C        D        E       F      G
               +--------+--------+--------+--------+--------+-----+--------+
         Total |    569 |    457 |    112 |      0 |    241 |   3 |  189.7 |
       Dungeon |    569 |    457 |    112 |      0 |    241 |   3 |  189.7 |
               +--------+--------+--------+--------+--------+-----+--------+

Top non-repeatable levels by time:
     D:3: 247 daAuts
     D:2: 215 daAuts
     D:1: 105 daAuts
